[Event "Team 45 45 League T50"]
[Site "Internet Chess Club"]
[Date "2011.10.09"]
[Round "9"]
[White "Magagna"]
[Black "ryan2chess"]
[Result "0-1"]
[WhiteElo "1916"]
[BlackElo "1885"]
[Opening "Caro-Kann: Panov-Botvinnik attack"]
[ECO "B13"]
[Time "10:01:34"]
[TimeControl "2700+45"]

1. d4 Nf6 2. c4 c5 3. e3 cxd4 4. exd4 d5 5. Nc3 Nc6 6. Nf3 Bg4 7. cxd5 Nxd5 8.
Bc4 e6 9. Bxd5 exd5 10. O-O Be7 11. Be3 O-O 12. Re1 Bf6 13. h3 Bxf3 14. Qxf3
Bxd4 15. Bxd4 Nxd4 16. Qd3 Nc6 17. Qxd5 Qxd5 18. Nxd5 Rfe8 19. Kf1 Kf8 20. Rad1
Rad8 21. Rxe8+ Rxe8 22. Nc3 f6 23. a3 Ne5 24. Nb5 a6 25. Nc7 Re7 26. Rd8+ Kf7
27. Nd5 Rd7 28. Rxd7+ Nxd7 29. Ke2 Ke6 30. Nc7+ Ke5 31. Ke3 g6 32. f4+ Kd6 33.
Ne8+ Ke7 34. Nc7 Kd6 35. Ne8+ Kd5 36. b3 h5 37. g4 hxg4 38. hxg4 g5 39. fxg5
fxg5 40. Nc7+ Kd6 41. Ne8+ Ke7 42. Nc7 Ne5 43. Ke4 Nxg4 44. Kf5 Ne3+ 45. Kxg5
Kd7 46. Kf4 Nc2 47. Nd5 Nxa3 48. Ke4 Kc6 49. Nb4+ Kb5 50. Nd3 Nc2 51. Ke5 Na1
52. Kd4 Nxb3+ 53. Kc3 Nc5 54. Ne5 a5 55. Nc4 Ne4+ 56. Kd4 Kb4 57. Nb6 Nc3 58.
Kd3 a4 59. Kc2 a3 60. Kc1 Kb3 61. Nd7 a2 62. Nc5+ Ka3 {White resigns} 0-1

[Event "Team 45 45 League T50"]
[Site "Internet Chess Club"]
[Date "2011.10.07"]
[Round "9"]
[White "mmf00"]
[Black "Killian"]
[Result "0-1"]
[WhiteElo "1870"]
[BlackElo "1960"]
[Opening "Sicilian: Alapin's variation (2.c3)"]
[ECO "B22"]
[Time "17:00:11"]
[TimeControl "2700+45"]

1. e4 c5 2. c3 Nf6 3. e5 Nd5 4. d4 cxd4 5. Nf3 Nc6 6. cxd4 d6 7. Bc4 Nb6 8. Bb3
d5 9. Nh4 Nc4 10. Nc3 e6 11. Nf3 Bb4 12. O-O Qa5 13. Qd3 b5 14. Bc2 Bxc3 15.
bxc3 b4 16. Nd2 Nxd2 17. Bxd2 Ba6 18. Qg3 Bxf1 19. Qxg7 O-O-O 20. Kxf1 Qb5+ 21.
Kg1 Qe2 22. Bg5 Qxc2 23. Bxd8 Rxd8 24. Qxf7 Qxc3 25. Qxe6+ Kb8 26. Rd1 Nxd4 27.
Qg4 Nc6 28. e6 Qe5 29. Qh4 h5 30. h3 d4 31. Rc1 Rc8 32. g3 d3 33. Qc4 d2 34. Rd1
Qe1+ 35. Rxe1 dxe1=Q+ 36. Kg2 Qe5 {White resigns} 0-1

[Event "Team 45 45 League T50"]
[Site "Internet Chess Club"]
[Date "2011.10.08"]
[Round "9"]
[White "SimplyClaudia"]
[Black "anna"]
[Result "1-0"]
[WhiteElo "1731"]
[BlackElo "1582"]
[Opening "King's gambit"]
[ECO "C30"]
[Time "11:07:11"]
[TimeControl "2700+45"]

1. e4 e5 2. f4 d6 3. Nf3 Nc6 4. Bc4 Nf6 5. Nc3 Be7 6. O-O O-O 7. d3 h6 8. h3
exf4 9. Bxf4 Na5 10. Bb3 Nxb3 11. axb3 c6 12. Be3 Qc7 13. Qd2 Nh5 14. Ne2 Nf6
15. Bxh6 gxh6 16. Qxh6 Nh7 17. Ng3 Kh8 18. Nd4 Bg5 19. Qh5 Be3+ 20. Kh1 Bxd4 21.
c3 Bg7 22. Rf4 Kg8 23. Rh4 Nf6 24. Qf3 Be6 25. Nh5 Nxh5 26. Qxh5 f6 27. d4 d5
28. exd5 cxd5 29. Re1 Qd7 30. Re3 Rf7 31. Rg3 Kf8 32. Qg6 Ke7 33. Rh7 Bf5 34.
Re3+ Kd6 35. Qg3+ Kc6 36. Rh5 Bf8 37. c4 Bd6 38. Qf3 Bg6 39. Rxd5 Kc7 40. c5 Rh8
41. Rxd6 Qb5 42. Qg3 Qf1+ 43. Kh2 Kc8 44. Qxg6 Rff8 45. Rf3 Qe2 46. Qf5+ Kb8 47.
Rd7 Qb5 48. Qd5 Rhg8 49. Re3 Re8 50. Rxe8+ Rxe8 51. Rd8+ Rxd8 52. Qxd8# {Black
checkmated} 1-0

[Event "Team 45 45 League T50"]
[Site "Internet Chess Club"]
[Date "2011.10.07"]
[Round "9"]
[White "juniorVishy"]
[Black "TwoEqualsOne"]
[Result "1/2-1/2"]
[WhiteElo "1650"]
[BlackElo "1762"]
[Opening "Grünfeld: 5.e3"]
[ECO "D94"]
[Time "20:30:25"]
[TimeControl "2700+45"]

1. d4 Nf6 2. c4 g6 3. Nc3 d5 4. e3 Bg7 5. Nf3 O-O 6. Be2 Nc6 7. O-O b6 8. b3 Bb7
9. Ba3 Re8 10. Rc1 a6 11. cxd5 Nxd5 12. Nxd5 Qxd5 13. Qd2 e5 14. dxe5 Qxd2 15.
Nxd2 Bxe5 16. Nf3 Bf6 17. Rfd1 b5 18. Bc5 Rad8 19. Rxd8 Rxd8 20. Rd1 Rxd1+ 21.
Bxd1 Ne5 22. Nxe5 Bxe5 23. f4 Bc3 24. b4 Bd5 25. a4 bxa4 26. Bxa4 c6 27. Bc2 f5
28. Kf2 a5 29. bxa5 Bxa5 30. Bd1 Kf7 31. h3 h5 32. g4 hxg4 33. hxg4 Ke6 34.
gxf5+ gxf5 35. Bc2 Bc7 36. Kg3 Bd8 {Game drawn by mutual agreement} 1/2-1/2

[Event "Team 45 45 League T50"]
[Site "Internet Chess Club"]
[Date "2011.10.10"]
[Round "9"]
[White "Freitac"]
[Black "Boromir"]
[Result "0-1"]
[WhiteElo "1825"]
[BlackElo "1906"]
[Opening "QGD Slav: 4.e3"]
[ECO "D11"]
[Time "16:00:04"]
[TimeControl "2700+45"]

1. d4 d5 2. c4 c6 3. Nf3 Nf6 4. e3 e6 5. b3 Bd6 6. Bb2 Nbd7 7. Bd3 O-O 8. O-O b6
9. Nbd2 Qc7 10. Rc1 Bb7 11. cxd5 exd5 12. Re1 Rfe8 13. Qc2 h6 14. Nf1 Rac8 15.
Ng3 Qb8 16. Nf5 Bf8 17. Qe2 a5 18. Ne5 g6 19. Ng3 Bg7 20. f4 Qd6 21. f5 g5 22.
Rf1 Bh8 23. Nh5 Rc7 24. Qf3 Rec8 25. h4 Qe7 26. hxg5 hxg5 27. Kf2 c5 28. Nxd7
Nxd7 29. f6 Nxf6 30. Kg1 Nxh5 31. Bh7+ Kxh7 32. Qxh5+ Kg8 33. Rf3 Bg7 34. Rcf1
cxd4 35. Ba3 Qe6 36. Qxg5 dxe3 37. Rg3 f5 38. Rxe3 Qf6 39. Rxf5 Qxg5 40. Rxg5
Rd8 41. Bb2 d4 42. Rd3 Kf8 43. Ba3+ Kf7 44. Rdg3 Rg8 45. Rf3+ Bxf3 {White
resigns} 0-1

[Event "Team 45 45 League T50"]
[Site "Internet Chess Club"]
[Date "2011.10.08"]
[Round "9"]
[White "jps7"]
[Black "AntonioMendonca"]
[Result "0-1"]
[WhiteElo "1650"]
[BlackElo "1520"]
[Opening "Queen's pawn: Yusupov-Rubinstein system"]
[ECO "A40"]
[Time "19:09:24"]
[TimeControl "2700+45"]

1. d4 e6 2. Nf3 Nf6 3. e3 c5 4. b3 cxd4 5. exd4 d5 6. Bd3 Nc6 7. a3 Bd7 8. O-O
Qb6 9. Bb2 Be7 10. Nbd2 O-O 11. c4 Rfd8 12. c5 Qc7 13. b4 a6 14. Qc2 Bf8 15. Ne5
Ne7 16. f4 Bb5 17. Bxb5 axb5 18. Qd3 Nf5 19. Rf3 g6 20. Qxb5 Ne4 21. Qd3 Nf6 22.
b5 Ra4 23. b6 Qc8 24. g4 Nxd4 25. Bxd4 Rxd4 26. Qe2 Qxc5 27. Kg2 Qc2 28. Rd1 Ne4
29. Nd3 Nc3 30. Ne1 Qxd1 31. Qxd1 Nxd1 32. Nb3 Re4 33. Nc2 Re2+ 34. Kf1 Rxc2 35.
Ke1 Nb2 36. Nd4 Rxh2 37. Rb3 Bg7 38. Nf3 Rg2 39. g5 Rc8 40. Kf1 Rgc2 41. Ne1 Rc1
42. Ke2 R1c6 43. Kd2 Ra8 44. Nd3 Nc4+ 45. Kd1 Rxa3 {White resigns} 0-1

[Event "Team 45 45 League T50"]
[Site "Internet Chess Club"]
[Date "2011.10.08"]
[Round "9"]
[White "SlimeDog2"]
[Black "ben622"]
[Result "0-1"]
[WhiteElo "2080"]
[BlackElo "1973"]
[Opening "King's Indian, 3.Nf3"]
[ECO "E60"]
[Time "23:30:44"]
[TimeControl "2700+45"]

1. d4 Nf6 2. c4 g6 3. Nf3 Bg7 4. g3 d5 5. cxd5 Nxd5 6. Bg2 Nc6 7. Nc3 O-O 8. e4
Nb6 9. d5 Na5 10. O-O c6 11. Bf4 Nac4 12. Qe2 Nxb2 13. Qxb2 Na4 14. Nxa4 Bxb2
15. Nxb2 cxd5 16. exd5 Qxd5 17. Rfe1 Qb5 18. Nd1 Qb4 19. Ne3 Rd8 20. Bc7 Rd7 21.
Rac1 f6 22. Rc4 Qxc4 23. Nxc4 Rxc7 24. Nd4 Kf8 25. Ne3 e5 26. Nb5 Rc5 27. Nd6
Rb8 28. Rd1 Be6 29. Ne4 Ra5 30. Nxf6 Rxa2 31. Rd7 Ra1+ 32. Bf1 Bxd7 33. Nxd7+
Ke7 34. Nxb8 Kd6 35. Nc2 Rc1 36. Nb4 a5 37. Nd3 Rb1 38. Kg2 a4 39. f4 exf4 40.
Nxf4 a3 41. Bc4 a2 42. Bxa2 Rb2+ 43. Kf3 Rxa2 44. h4 {White resigns} 0-1

[Event "Team 45 45 League T50"]
[Site "Internet Chess Club"]
[Date "2011.10.09"]
[Round "9"]
[White "universe"]
[Black "perikitosax"]
[Result "1-0"]
[WhiteElo "2089"]
[BlackElo "2082"]
[Opening "Sicilian: Scheveningen, classical main line"]
[ECO "B47"]
[Time "12:09:07"]
[TimeControl "2700+45"]

1. e4 c5 2. Nf3 e6 3. d4 cxd4 4. Nxd4 Nc6 5. Nc3 Qc7 6. Be2 a6 7. O-O Nf6 8. Be3
Be7 9. f4 d6 10. Qe1 O-O 11. Qg3 Nxd4 12. Bxd4 b5 13. Bd3 b4 14. Ne2 Bb7 15. a3
g6 16. axb4 Nxe4 17. Qe3 d5 18. c3 f5 19. Be5 Bd6 20. Bxd6 Qxd6 21. Nd4 Qb6 22.
Nxf5 Qc7 23. Nh6+ Kg7 24. Ng4 h5 25. Ne5 Kh7 26. Bxe4 dxe4 27. Rfd1 Rad8 28. Qg3
Qg7 29. c4 Qf6 30. Nd7 {Black resigns} 1-0

[Event "Team 45 45 League T50"]
[Site "Internet Chess Club"]
[Date "2011.10.08"]
[Round "9"]
[White "DreamCatcher13"]
[Black "Boromir"]
[Result "1-0"]
[WhiteElo "2015"]
[BlackElo "1892"]
[Opening "French: Tarrasch, closed variation"]
[ECO "C05"]
[Time "08:11:56"]
[TimeControl "2700+45"]

1. e4 e6 2. d4 d5 3. Nd2 Nf6 4. e5 Nfd7 5. Bd3 c5 6. c3 Nc6 7. Ne2 f6 8. Nf4 Qe7
9. exf6 Qxf6 10. Nf3 Bd6 11. Nh5 Qe7 12. O-O O-O 13. Re1 h6 14. Bg6 Nf6 15. Ne5
Bxe5 16. dxe5 Nxh5 17. Qxh5 Bd7 18. h4 Be8 19. g3 Bxg6 20. Qxg6 Kh8 21. Bf4 Rad8
22. Qh5 Rxf4 23. gxf4 Rf8 24. Qg4 Rf5 25. Re3 Qf7 26. Rg3 Rxf4 27. Qg6 Rxf2 28.
Qxg7+ Qxg7 29. Rxg7 Kxg7 30. Kxf2 Nxe5 31. b3 Kf6 32. Rg1 Ng6 33. h5 Nf4 34. Rg8
Nxh5 35. Rb8 b6 36. Rb7 Nf4 37. Rxa7 h5 38. Rb7 h4 39. Rxb6 h3 40. Kg3 Ke5 41.
a4 Ne2+ 42. Kxh3 Nxc3 43. a5 d4 44. a6 d3 45. a7 d2 46. a8=Q d1=Q 47. Qh8+ Kf5
48. Qxc3 Qh1+ 49. Kg3 Qg1+ 50. Kf3 Qf1+ 51. Ke3 Qf4+ 52. Ke2 Qe4+ 53. Kf2 Qh4+
54. Kg2 Qg4+ 55. Qg3 Qd4 56. Qf2+ {Black resigns} 1-0

[Event "Team 45 45 League T50"]
[Site "Internet Chess Club"]
[Date "2011.10.06"]
[Round "9"]
[White "FlyingTiger"]
[Black "crag"]
[Result "1/2-1/2"]
[WhiteElo "1828"]
[BlackElo "1699"]
[Opening "French: Albin-Alekhine-Châtard attack"]
[ECO "C13"]
[Time "20:00:19"]
[TimeControl "2700+45"]

1. e4 e6 2. d4 d5 3. Nc3 Nf6 4. Bg5 Be7 5. e5 Nfd7 6. h4 h6 7. Be3 c5 8. Qg4 Kf8
9. Nf3 Nc6 10. O-O-O a6 11. Rh3 cxd4 12. Bxd4 Nxd4 13. Rxd4 Bc5 14. Rd2 Qc7 15.
Rg3 Rg8 16. Bd3 Nxe5 17. Nxe5 Qxe5 18. Bh7 Rh8 19. Bd3 h5 20. Qf3 Be7 21. Re2
Qf6 22. Qe3 d4 23. Qe4 dxc3 24. Rf3 cxb2+ 25. Kb1 Qxh4 26. Qg6 Qh1+ 27. Kxb2
Bf6+ 28. Rxf6 gxf6 29. Qxf6 Rg8 30. Qd8+ Kg7 31. Qg5+ Kf8 32. Qd8+ {Game drawn
by mutual agreement} 1/2-1/2

[Event "Team 45 45 League T50"]
[Site "Internet Chess Club"]
[Date "2011.10.08"]
[Round "9"]
[White "MikeA"]
[Black "NFork"]
[Result "1-0"]
[WhiteElo "2239"]
[BlackElo "2296"]
[Opening "Caro-Kann: exchange variation"]
[ECO "B13"]
[Time "07:02:27"]
[TimeControl "2700+45"]

1. e4 c6 2. d4 d5 3. exd5 cxd5 4. Bd3 Nc6 5. c3 Qc7 6. Nf3 Bg4 7. O-O e6 8. Re1
Bd6 9. h3 Bh5 10. Nbd2 Nge7 11. Nb3 h6 12. Be3 O-O 13. Rc1 Rfd8 14. Nc5 e5 15.
g4 Bg6 16. dxe5 Nxe5 17. Nxe5 Bxe5 18. Bxg6 Nxg6 19. Bd4 Bxd4 20. cxd4 Qf4 21.
Nxb7 Re8 22. Rxe8+ Rxe8 23. Nc5 Qf6 24. Kf1 Nf4 25. Qf3 Qxd4 26. Qc3 Qe5 27.
Qxe5 Rxe5 28. b4 Nxh3 29. Nd7 Re8 30. Rc7 Nf4 31. Rxa7 d4 32. Nc5 Rd8 33. Rd7
Ne6 34. Rxd8+ Nxd8 35. b5 Kf8 36. a4 Ke7 37. a5 Kd6 38. Nb7+ Nxb7 39. a6 Nc5 40.
a7 Kd5 41. a8=Q+ Kc4 42. b6 d3 43. Ke1 Nb3 44. Qc6+ Kd4 45. b7 {Black resigns}
1-0

[Event "Team 45 45 League T50"]
[Site "Internet Chess Club"]
[Date "2011.10.08"]
[Round "9"]
[White "Greedy-Reedy"]
[Black "Kueh"]
[Result "1/2-1/2"]
[WhiteElo "2013"]
[BlackElo "1967"]
[Opening "Sicilian: Alapin's variation (2.c3)"]
[ECO "B22"]
[Time "04:09:22"]
[TimeControl "2700+45"]

1. e4 c5 2. c3 Nf6 3. e5 Nd5 4. d4 cxd4 5. Nf3 Nc6 6. Bc4 e6 7. cxd4 d6 8. O-O
Be7 9. exd6 Qxd6 10. Nc3 a6 11. a3 b5 12. Bxd5 exd5 13. h3 Bf5 14. Ne5 O-O 15.
Bf4 Nxe5 16. Bxe5 Qc6 17. Re1 b4 18. axb4 Bxb4 19. Rc1 Bxc3 20. Rxc3 Qb5 21. b3
Rac8 22. Rxc8 Rxc8 23. Qf3 Bg6 24. h4 h5 {Game drawn by mutual agreement}
1/2-1/2

[Event "Team 45 45 League T50"]
[Site "Internet Chess Club"]
[Date "2011.10.10"]
[Round "9"]
[White "primerpaso"]
[Black "BigH"]
[Result "0-1"]
[WhiteElo "1858"]
[BlackElo "2149"]
[Opening "English: symmetrical, Rubinstein system"]
[ECO "A16"]
[Time "12:06:25"]
[TimeControl "2700+45"]

1. c4 Nf6 2. Nc3 c5 3. g3 d5 4. cxd5 Nxd5 5. Bg2 Nc7 6. Nf3 Nc6 7. O-O e5 8. d3
Be7 9. Be3 Qd7 10. Nd2 b6 11. Qa4 Bb7 12. f4 exf4 13. Qxf4 O-O 14. Nc4 Rae8 15.
Ne5 Nxe5 16. Bxb7 Bd6 17. Ne4 Ne6 18. Qf5 Bb8 19. Ba6 Qa4 20. Bb7 Qc2 21. Nd2
Qxb2 22. Be4 Ng6 23. h4 Qe5 24. Qxe5 Nxe5 25. Kg2 Ng4 26. Bg1 Be5 27. Rae1 Bc3
28. Rd1 Nd4 29. e3 Ne6 {White forfeits on time} 0-1

[Event "Team 45 45 League T50"]
[Site "Internet Chess Club"]
[Date "2011.10.11"]
[Round "9"]
[White "zap2"]
[Black "frank001"]
[Result "0-1"]
[WhiteElo "1784"]
[BlackElo "1659"]
[Opening "Réti opening"]
[ECO "A04"]
[Time "04:00:13"]
[TimeControl "2700+45"]

1. Nf3 c5 2. g3 Nc6 3. Bg2 e6 4. d3 g6 5. O-O Bg7 6. Nbd2 Nge7 7. e4 d5 8. Re1
b6 9. e5 Qc7 10. Qe2 h6 11. h4 g5 12. hxg5 hxg5 13. c3 Ba6 14. c4 g4 15. Ng5
Nxe5 16. f4 gxf3 17. Ndxf3 Nxf3+ 18. Qxf3 Bd4+ 19. Be3 Bxe3+ 20. Rxe3 O-O-O 21.
Qxf7 Rd6 22. Nxe6 Qd7 23. Nxc5 bxc5 24. Rxe7 Qg4 25. Re8+ Rxe8 26. Qxe8+ Rd8 27.
Qc6+ Kb8 28. Qxc5 Qxg3 29. Qd4 Rg8 30. Qxd5 Qe3+ 31. Kf1 Rf8+ 32. Bf3 Rxf3+ 33.
Kg2 Qf2+ 34. Kh1 Rh3# {White checkmated} 0-1

[Event "Team 45 45 League T50"]
[Site "Internet Chess Club"]
[Date "2011.10.07"]
[Round "9"]
[White "Superman"]
[Black "Egmont"]
[Result "1/2-1/2"]
[WhiteElo "1763"]
[BlackElo "1785"]
[Opening "QGD Slav: 4.e3"]
[ECO "D11"]
[Time "01:01:19"]
[TimeControl "2700+45"]

1. d4 d5 2. c4 c6 3. Nf3 Nf6 4. e3 e6 5. Bd3 Bd6 6. O-O O-O 7. Nbd2 Nbd7 8. b3
e5 9. dxe5 Nxe5 10. Be2 dxc4 11. Nxc4 Nxf3+ 12. Bxf3 Be7 13. Qe2 Be6 14. Rd1 Qc7
15. Bb2 Bxc4 16. Qxc4 Rfd8 17. Be2 Rd5 18. Rxd5 Nxd5 19. Qe4 Bf6 20. Bxf6 Nxf6
21. Qc2 {Game drawn by mutual agreement} 1/2-1/2

[Event "Team 45 45 League T50"]
[Site "Internet Chess Club"]
[Date "2011.10.09"]
[Round "9"]
[White "JWB"]
[Black "makramkozman"]
[Result "0-1"]
[WhiteElo "1624"]
[BlackElo "1564"]
[Opening "Nimzo-Indian: Fischer variation"]
[ECO "E43"]
[Time "14:00:09"]
[TimeControl "2700+45"]

1. d4 Nf6 2. c4 e6 3. Nc3 Bb4 4. e3 b6 5. Bd3 Bb7 6. f3 c5 7. Ne2 O-O 8. O-O
Bxc3 9. bxc3 d6 10. e4 Nbd7 11. Ng3 Re8 12. f4 d5 13. cxd5 exd5 14. e5 Ne4 15.
Nf5 Re6 16. Bxe4 dxe4 17. Nd6 Ba6 18. c4 Nf6 19. f5 Rxd6 20. exd6 Bxc4 21. dxc5
bxc5 22. Re1 Bd3 23. Bf4 Qa5 24. g4 c4 25. a4 Qc5+ 26. Kg2 Nd5 27. Bg3 e3 28.
Rc1 Qd4 29. Kh3 Nf4+ 30. Bxf4 Qxf4 31. Rg1 Rd8 32. Rg3 Rxd6 33. Rf3 Rh6+ 34. Kg2
Qxh2# {White checkmated} 0-1

[Event "Team 45 45 League T50"]
[Site "Internet Chess Club"]
[Date "2011.10.06"]
[Round "9"]
[White "DaveF"]
[Black "Constrictor"]
[Result "1/2-1/2"]
[WhiteElo "1473"]
[BlackElo "1647"]
[Opening "Budapest: Rubinstein variation"]
[ECO "A52"]
[Time "09:04:58"]
[TimeControl "2700+45"]

1. d4 Nf6 2. c4 e5 3. dxe5 Ng4 4. Bf4 Nc6 5. Nf3 Bb4+ 6. Nbd2 Qe7 7. a3 Ngxe5 8.
Nxe5 Nxe5 9. e3 Bxd2+ 10. Qxd2 d6 11. Be2 Be6 12. O-O Nxc4 13. Qc3 Qf6 14. Qxf6
gxf6 15. Bxc4 Bxc4 16. Rfc1 d5 17. Bxc7 Rc8 18. Ba5 b6 19. Bb4 Kd7 20. Rd1 Ke6
21. Bc3 Rhd8 22. Rd4 Bb3 23. Rh4 Bc2 24. Kf1 Rc4 25. Rd4 Rxd4 26. Bxd4 Rc8 27.
Bc3 f5 28. Ke2 Rc4 29. Rc1 Bb3 30. Kd2 {Game drawn by mutual agreement} 1/2-1/2

[Event "Team 45 45 League T50"]
[Site "Internet Chess Club"]
[Date "2011.10.09"]
[Round "9"]
[White "BenjaminSisko"]
[Black "mrneale"]
[Result "1-0"]
[WhiteElo "1472"]
[BlackElo "1454"]
[Opening "Latvian: Fraser defense"]
[ECO "C40"]
[Time "20:30:14"]
[TimeControl "2700+45"]

1. e4 e5 2. Nf3 f5 3. Nxe5 Nc6 4. Nxc6 dxc6 5. d4 fxe4 6. Qh5+ g6 7. Qe5+ Qe7 8.
Qxh8 Nf6 9. Bh6 Nd7 10. Bxf8 Nxf8 11. Bc4 Be6 12. Bxe6 Qxe6 13. O-O O-O-O 14.
Qe5 Qxe5 15. dxe5 Rd5 16. Nc3 Rxe5 17. Rfe1 Ne6 18. Rxe4 Rxe4 19. Nxe4 Nd4 20.
c3 Ne2+ 21. Kf1 Nf4 22. Rd1 Nd5 23. Ke2 b5 24. g3 h6 25. f4 g5 26. fxg5 hxg5 27.
Nxg5 a5 28. h4 a4 29. h5 a3 30. Rxd5 cxd5 31. b3 c5 32. h6 b4 33. cxb4 c4 34.
bxc4 dxc4 35. h7 Kb7 36. h8=Q c3 37. Qxc3 Kb6 38. Qc5+ Kb7 39. Nf7 Ka6 40. Qc6+
Ka7 41. Nd6 Kb8 42. Qb7# {Black checkmated} 1-0

[Event "Team 45 45 League T50"]
[Site "Internet Chess Club"]
[Date "2011.10.09"]
[Round "9"]
[White "oldsj"]
[Black "RD1974"]
[Result "0-1"]
[WhiteElo "1528"]
[BlackElo "1749"]
[Opening "Sicilian: Kan, 5.Nc3"]
[ECO "B43"]
[Time "13:04:42"]
[TimeControl "2700+45"]

1. e4 c5 2. Nf3 e6 3. d4 cxd4 4. Nxd4 a6 5. Nc3 Qc7 6. Bd2 Nf6 7. Bd3 Bc5 8. Nb3
Be7 9. Qe2 d6 10. O-O-O Nbd7 11. f4 b5 12. Qf2 Bb7 13. h3 b4 14. Ne2 Nxe4 15.
Qe3 Nxd2 16. Rxd2 a5 17. Be4 d5 18. Bf3 O-O 19. g4 a4 20. Nbd4 b3 21. a3 bxc2
22. Rxc2 Qb6 23. Qd3 Ba6 24. Qd2 Rfc8 25. Nc3 Bf6 26. Rd1 Bc4 27. g5 Be7 28. h4
Bb3 29. h5 Rab8 30. Qd3 Bxc2 31. Qxc2 Nc5 32. Rd2 Nb3+ 33. Nxb3 axb3 34. Qd1
Bxa3 35. bxa3 b2+ 36. Kb1 Rxc3 37. Rc2 Rxa3 {White resigns} 0-1

[Event "Team 45 45 League T50"]
[Site "Internet Chess Club"]
[Date "2011.10.09"]
[Round "9"]
[White "kidcobra"]
[Black "Zyme"]
[Result "1-0"]
[WhiteElo "1612"]
[BlackElo "1369"]
[Opening "French: exchange variation"]
[ECO "C01"]
[Time "13:00:14"]
[TimeControl "2700+45"]

1. e4 e6 2. d4 d5 3. exd5 exd5 4. Nf3 Bd6 5. Bd3 Ne7 6. O-O O-O 7. Nc3 Bg4 8.
Bxh7+ Kh8 9. Bd3 Nd7 10. Be2 Nf6 11. Ne5 Bd7 12. Bg5 Neg8 13. Bh5 Qc8 14. Nxf7+
Rxf7 15. Bxf7 Qf8 16. Bxg8 Kxg8 17. f4 Nh7 18. Qf3 c6 19. Rae1 Qf5 20. Qd3 Qg4
21. h3 Qh5 22. Qf3 Qg6 23. Be7 Bc7 24. Nxd5 cxd5 25. Qxd5+ Kh8 26. Qxd7 Bb6 27.
Bc5 Rd8 28. Qxb7 Bxc5 29. dxc5 Nf6 30. f5 Qg3 31. Qf3 Qc7 32. Qf2 Qc6 33. Rd1
Re8 34. Rfe1 Rf8 35. Re5 Nh5 36. Qh4 Qh6 37. g4 Qf4 38. Qxh5+ Kg8 39. Re2 Qg3+
40. Rg2 Qe3+ 41. Kh1 Qe4 42. Qg6 a5 43. Qe6+ {Black resigns} 1-0

[Event "Team 45 45 League T50"]
[Site "Internet Chess Club"]
[Date "2011.10.08"]
[Round "9"]
[White "smsxman"]
[Black "cys456"]
[Result "0-1"]
[WhiteElo "1614"]
[BlackElo "1649"]
[Opening "Sicilian defense"]
[ECO "B30"]
[Time "11:00:11"]
[TimeControl "2700+45"]

1. e4 c5 2. Nf3 Nc6 3. Nc3 g6 4. b3 Bg7 5. Bb2 d6 6. Rb1 Nf6 7. Bd3 O-O 8. O-O
e5 9. Bc4 Bg4 10. Be2 Qd7 11. d3 Nd4 12. Nxd4 cxd4 13. Nd5 Bxe2 14. Nxf6+ Bxf6
15. Qxe2 Bg7 16. f4 f5 17. fxe5 dxe5 18. c3 fxe4 19. Qxe4 Rad8 20. c4 Qe7 21.
Ra1 Rxf1+ 22. Rxf1 Rf8 23. Ra1 Qf7 24. Qe2 Bh6 25. Bc1 Bxc1 26. Rxc1 Qe6 27. h3
Rf4 28. Re1 Rf5 29. Qe4 Qe7 30. Kh2 Qd7 31. Qg4 Qd6 32. Kg1 Qb4 33. Rf1 Rxf1+
34. Kxf1 Qf8+ 35. Kg1 Qf5 36. Qd1 e4 37. dxe4 Qxe4 38. a4 d3 39. Kf2 Qd4+ 40.
Kf1 Qe3 41. Qe1 Qf4+ 42. Kg1 d2 43. Qd1 Qe3+ 44. Kf1 Kf7 45. Qe2 Qf4+ 46. Kg1
Qd4+ {White resigns} 0-1

[Event "Team 45 45 League T50"]
[Site "Internet Chess Club"]
[Date "2011.10.05"]
[Round "9"]
[White "MateIn42"]
[Black "Cicero"]
[Result "1-0"]
[WhiteElo "1358"]
[BlackElo "1311"]
[Opening "Sicilian: Hungarian variation"]
[ECO "B34"]
[Time "21:05:13"]
[TimeControl "2700+45"]

1. e4 c5 2. Nf3 g6 3. d4 cxd4 4. Nxd4 Nc6 5. Be3 Nf6 6. Nxc6 bxc6 7. Bd4 d6 8.
Nc3 c5 9. Bxf6 exf6 10. Nd5 a6 11. Qf3 Bg7 12. e5 fxe5 13. Nc7+ Qxc7 14. Qxa8
O-O 15. Qf3 e4 16. Qa3 Bf5 17. Bc4 Rb8 18. Rb1 e3 19. Bd3 exf2+ 20. Kxf2 d5 21.
Bxf5 Bd4+ 22. Kf1 gxf5 23. Qf3 Qc6 24. Qg3+ Kf8 25. Qxb8+ Kg7 26. Qg3+ Kf8 27.
c3 Qb5+ 28. Ke1 Qe8+ 29. Kd2 Be5 30. Rhe1 f6 31. Qh3 Ke7 32. Qxf5 Kd6 33. Qxf6+
Kc7 34. Qxe5+ Qxe5 35. Rxe5 {Black resigns} 1-0

[Event "Team 45 45 League T50"]
[Site "Internet Chess Club"]
[Date "2011.10.09"]
[Round "9"]
[White "IanT"]
[Black "houseofcook"]
[Result "1/2-1/2"]
[WhiteElo "1367"]
[BlackElo "1451"]
[Opening "French: exchange variation"]
[ECO "C01"]
[Time "03:01:59"]
[TimeControl "2700+45"]

1. e4 e6 2. d4 d5 3. exd5 exd5 4. c4 Nf6 5. Bg5 Be7 6. Nc3 Be6 7. Qb3 b6 8. Bxf6
Bxf6 9. cxd5 Bf5 10. Nf3 O-O 11. Be2 Nd7 12. O-O Re8 13. Bb5 a6 14. Bc6 Rb8 15.
Rac1 Re7 16. Rfe1 b5 17. Bxd7 Bxd7 18. Ne4 Re8 19. Nc3 Be7 20. a3 Bd6 21. Qc2
Qc8 22. Rxe8+ Qxe8 23. Ne4 Bf4 24. Re1 Qf8 25. Qc5 Bd6 26. Nxd6 cxd6 27. Qc2 Re8
28. Qd2 Rxe1+ 29. Qxe1 Qe8 30. Qxe8+ Bxe8 31. Kf1 f6 32. Ke2 Bf7 33. Kd3 Bxd5
34. Kc3 a5 35. b4 Bxf3 36. gxf3 a4 37. d5 Kf7 38. Kd4 f5 39. Ke3 g5 40. f4 h6
41. Kf3 Kg6 42. h3 Kh5 43. Kg3 Kg6 44. Kf3 Kh5 45. Kg3 Kg6 46. Kf3 {Game drawn
by repetition} 1/2-1/2

[Event "Team 45 45 League T50"]
[Site "Internet Chess Club"]
[Date "2011.10.10"]
[Round "9"]
[White "dabodhi"]
[Black "maliboum"]
[Result "1-0"]
[WhiteElo "1224"]
[BlackElo "1250"]
[Opening "Caro-Kann: advance variation"]
[ECO "B12"]
[Time "19:00:22"]
[TimeControl "2700+45"]

1. e4 c6 2. d4 d5 3. e5 Bf5 4. c4 e6 5. Qb3 Qc7 6. Nf3 Nd7 7. c5 Ne7 8. Bg5 h6
9. Be3 Bxb1 10. Rxb1 Nf5 11. Bd2 f6 12. g4 Ne7 13. Bh3 g5 14. Qe3 f5 15. gxf5
exf5 16. e6 Nf6 17. Ne5 Ne4 18. f3 f4 19. Qd3 Nxc5 20. Qc2 Na6 21. Ng6 Rg8 22.
Ne5 O-O-O 23. Nf7 Re8 24. a3 Ng6 25. b4 Qxf7 26. b5 Nb8 27. e7+ Nd7 28. O-O Nxe7
29. Qa4 Nf5 30. bxc6 Nb6 31. Qxa7 Qc7 32. Rxb6 Qb8 33. cxb7+ Kd7 34. Bxf5+ Ke7
35. Bb4+ Kf7 36. Qxb8 Rxb8 37. Be6+ Kg7 38. Bxg8 Kxg8 39. Bxf8 Kxf8 40. Rc1
{Black resigns} 1-0

[Event "Team 45 45 League T50"]
[Site "Internet Chess Club"]
[Date "2011.10.10"]
[Round "9"]
[White "lawth3"]
[Black "bhandelman"]
[Result "1-0"]
[WhiteElo "1203"]
[BlackElo "1101"]
[Opening "QGD: 4.Nf3"]
[ECO "D37"]
[Time "09:00:08"]
[TimeControl "2700+45"]

1. d4 d5 2. c4 Nf6 3. Nf3 e6 4. Nc3 Bd6 5. Bg5 O-O 6. e3 c5 7. cxd5 exd5 8. dxc5
Bxc5 9. Be2 Be6 10. O-O Nc6 11. Qc2 Qe7 12. Rfd1 Rad8 13. Nb5 a6 14. Nbd4 Nxd4
15. Nxd4 Bxd4 16. Rxd4 Rc8 17. Qd3 b5 18. Bf3 h6 19. Bh4 g5 20. Bg3 Rc4 21. Be5
Rfc8 22. Rxc4 bxc4 23. Qd4 Nd7 24. Qa7 Qc5 25. Qxc5 Rxc5 26. Bd4 Rc6 27. e4 Rd6
28. exd5 Bxd5 29. Be2 f5 30. Rc1 Re6 31. Re1 Nb6 32. f3 Na4 33. Kf2 f4 34. Rc1
Rb6 35. Bxb6 Nxb6 36. Bd1 a5 37. b3 Kg7 38. bxc4 Bxc4 39. a3 Kf6 40. Rb1 Nd5 41.
Rb8 h5 42. Ra8 g4 43. Rxa5 Kg5 44. Rc5 Ba2 45. a4 h4 46. g3 hxg3+ 47. hxg3 gxf3
48. Bxf3 fxg3+ 49. Kxg3 Kf5 50. Bxd5 Bxd5 51. Rxd5+ Ke6 52. Rd1 {Black resigns}
1-0